 Dungeon Crawl Stone Soup version 0.26-a0-651-gb41185065b (webtiles) character file.

Game seed: 2356267943005158407

136 gbos the Fighter (level 5, -1/51 HPs)
             Began as a Gnoll Wanderer on Oct 15, 2020.
             Slain by a gnoll
             ... wielding a +0 halberd
              (11 damage)
             ... on level 4 of the Dungeon.
             The game lasted 00:03:44 (3907 turns).

gbos the Fighter (Gnoll Wanderer)                   Turns: 3907, Time: 00:03:44

Health: -1/51      AC:  2    Str: 15    XL:     5   Next: 19%
Magic:  9/9        EV: 13    Int: 16    God:
Gold:   103        SH:  0    Dex: 13    Spells: 9/10 levels left

rFire    . . .     SeeInvis .   a - +0 spear
rCold    . . .     Faith    .   (no shield)
rNeg     . . .     Spirit   .   d - +0 robe
rPois    .         Reflect  .   (no helmet)
rElec    .         Harm     .   (no cloak)
rCorr    .         Rampage  .   (no gloves)
MR       .....                  (no boots)
Stlth    ++........             (no amulet)
HPRegen  0.17/turn              (no ring)
MPRegen  0.11/turn              (no ring)

@: no status effects
A: distributed training, fangs 1, strong nose
a: no special abilities


You were on level 4 of the Dungeon.
You visited 1 branch of the dungeon, and saw 4 of its levels.

You collected 103 gold pieces.


Innate Abilities, Weirdness & Mutations

Your experience applies equally to all skills.
You have very sharp teeth.
Your uncanny sense of smell can sniff out nearby items.


   Skills:
 + Level 8.6 Fighting
 + Level 1.4 Short Blades
 + Level 1.4 Long Blades
 + Level 1.4 Axes
 + Level 1.4 Maces & Flails
 + Level 1.4 Polearms
 + Level 1.4 Staves
 + Level 1.4 Slings
 + Level 1.4 Bows
 + Level 1.4 Crossbows
 + Level 1.4 Throwing
 + Level 1.4 Armour
 + Level 2.9 Dodging
 + Level 1.4 Stealth
 + Level 1.4 Shields
 + Level 1.4 Unarmed Combat
 + Level 3.1 Spellcasting
 + Level 2.3 Conjurations
 + Level 1.1 Hexes
 + Level 1.1 Summonings
 + Level 1.1 Necromancy
 + Level 1.1 Translocations
 + Level 1.1 Transmutations
 + Level 1.1 Fire Magic
 + Level 1.1 Ice Magic
 + Level 1.1 Air Magic
 + Level 1.1 Earth Magic
 + Level 2.3 Poison Magic
 + Level 1.5 Invocations
 + Level 4.7 Evocations


You had 9 spell levels left.
You knew the following spells:

 Your Spells              Type           Power        Failure   Level
z - Magic Dart            Conj           ##..         7%          1

Your spell library contained the following spells:

 Spells                   Type           Power        Failure   Level
 Searing Ray              Conj           ##....       11%         2
 Dazzling Flash           Conj/Hex       #.....       26%         3
 Fulminant Prism          Conj/Hex       #.........   65%         4
 Iskenderun's Mystic Bla  Conj/Tloc      #.......     65%         4

Inventory:

Hand Weapons
 a - a +0 spear (weapon)
 f - a +2 short sword of holy wrath
Armour
 d - a +0 robe (worn)
Scrolls
 b - a scroll of fear {unknown}
 c - 2 scrolls of teleportation {@r4}
 e - 2 scrolls of remove curse {unknown}
 g - 3 scrolls of identify {unknown}
 i - a scroll of fog {unknown}
 l - a scroll of immolation {unknown}
 n - a scroll of enchant armour {unknown}
 o - a scroll of noise {unknown}
Potions
 h - a potion of stabbing {unknown}
 j - 2 potions of curing {unknown}
 k - a potion of heal wounds {@q2}
 m - a potion of haste {unknown}

Dungeon Overview and Level Annotations

Branches:
Dungeon (4/15)
 Temple: D:4-7

Altars:
Ashenzari
Kikubaaqudgha
Trog

Annotations:
D:3 2 transporters, Irenicus's ghost, amateur DDEE

.....>......▒..▒▒▒.▒ ▒.▒ ▒..▒
▒................▒.▒ ▒.▒ ▒..▒
...........5.▒▒▒.▒.▒▒▒▒▒.▒ ▒..▒
▒.....g....gg▒ ▒...▒...▒.▒▒▒▒▒..▒
.....▒▒...▒▒g▒▒▒.▒.▒...▒.▒......▒
▒.▒.▒ ▒▒▒▒▒▒.....▒.▒.†.▒.▒.▒▒▒.▒▒
▒ ▒. ▒▒▒.▒▒..........▒▒▒.▒ 5
▒▒▒▒▒▒g▒▒...)..........▒ .▒
.......Srg..........▒▒▒▒▒ ▒.
▒▒▒▒▒▒▒▒▒▒▒▒▒.....>.▒ .∆ ∆
▒...▒▒▒▒▒ ▒...▒ ▒▒▒▒▒


You could see a gnoll, an adder and a quokka.


Message History

The quokka completely misses you.
You closely miss the quokka. You bite the quokka, but do no damage.
The quokka is heavily wounded.
The gnoll misses you. The quokka bites you.
* * * LOW HITPOINT WARNING * * *
You barely miss the quokka.
The quokka is heavily wounded.
The gnoll barely misses you. The quokka closely misses you.
Unknown command.
You hit the quokka.
The quokka is severely wounded.
The quokka barely misses you.
The gnoll hits you from afar with a +0 halberd.
* * * LOW HITPOINT WARNING * * *
You barely miss the quokka.
The quokka is severely wounded.
The quokka closely misses you.
The gnoll hits you from afar with a +0 halberd!
* * * LOW HITPOINT WARNING * * *
You completely miss the quokka.
The quokka is severely wounded.
The quokka closely misses you. The quokka barely misses you.
You barely miss the quokka.
The quokka is severely wounded.
The gnoll hits you from afar with a +0 halberd!
You die...

Action                   |  1- 3 |  4- 6 || total
-------------------------+-------+-------++-------
Melee: Spear             |   117 |   181 ||   298
       Bite              |    15 |    17 ||    32
       Punch             |     1 |       ||     1
 Cast: Magic Dart        |    11 |     1 ||    12
  Use: Potion            |       |     1 ||     1
 Stab: Sleeping          |     3 |     4 ||     7
Armor: Robe              |    16 |    37 ||    53
Dodge: Dodged            |    71 |   144 ||   215

Levels and vault maps discovered:
D:1:      lightli_molten_gateway, layout_loops_ring, hangedman_decor_push
D:2:      layout_loops_corners, lemuel_coloured_pillars_altar, dk_noncrumbling_4
D:3:      minmay_roachtagon, layout_loops_cross, evilmike_ruin_ashenzari,
          gammafunk_ghost_arena, trog_three_pillars_becter
D:4:      layout_loops_ring

Notes
Turn   | Place    | Note
-------+----------+-------------------------------------------
     0 | D:1      | gbos the Gnoll Wanderer began the quest for the Orb.
     0 | D:1      | gbos set off with the following items: a +0 spear, a scroll
                  | of teleportation {@r4}, a +0 robe; and the following spell
                  | memorised: Magic Dart; and the following spells available
                  | to memorise: Searing Ray, Dazzling Flash, Fulminant Prism,
                  | Iskenderun's Mystic Blast
     0 | D:1      | Reached XP level 1. HP: 26/26 MP: 4/4
    43 | D:1      | Reached skill level 2 in Conjurations
    43 | D:1      | Reached skill level 2 in Poison Magic
    50 | D:1      | Reached XP level 2. HP: 15/33 MP: 5/5
   518 | D:1      | Reached XP level 3. HP: 35/38 MP: 7/7
  1099 | D:2      | Reached skill level 1 in Invocations
  1356 | D:2      | Reached skill level 1 in Short Blades
  1356 | D:2      | Reached skill level 1 in Long Blades
  1356 | D:2      | Reached skill level 1 in Axes
  1356 | D:2      | Reached skill level 1 in Maces & Flails
  1356 | D:2      | Reached skill level 1 in Polearms
  1356 | D:2      | Reached skill level 1 in Staves
  1356 | D:2      | Reached skill level 1 in Slings
  1356 | D:2      | Reached skill level 1 in Bows
  1356 | D:2      | Reached skill level 1 in Crossbows
  1356 | D:2      | Reached skill level 1 in Throwing
  1356 | D:2      | Reached skill level 1 in Armour
  1356 | D:2      | Reached skill level 1 in Stealth
  1356 | D:2      | Reached skill level 1 in Shields
  1356 | D:2      | Reached skill level 1 in Unarmed Combat
  1467 | D:2      | HP: 5/38 [worm (10)]
  1484 | D:2      | Reached XP level 4. HP: 8/45 MP: 0/8
  2163 | D:2      | Reached skill level 3 in Spellcasting
  2440 | D:2      | Found an ancient bone altar of Kikubaaqudgha.
  2672 | D:3      | Found a transporter.
  2674 | D:3      | Noticed Irenicus's ghost (amateur DDEE)
  2685 | D:3      | Found a transporter.
  2752 | D:3      | Reached skill level 1 in Hexes
  2752 | D:3      | Reached skill level 1 in Summonings
  2752 | D:3      | Reached skill level 1 in Necromancy
  2752 | D:3      | Reached skill level 1 in Translocations
  2752 | D:3      | Reached skill level 1 in Transmutations
  2752 | D:3      | Reached skill level 1 in Fire Magic
  2752 | D:3      | Reached skill level 1 in Ice Magic
  2752 | D:3      | Reached skill level 1 in Air Magic
  2752 | D:3      | Reached skill level 1 in Earth Magic
  3071 | D:3      | Found a bloodstained altar of Trog.
  3133 | D:3      | Reached XP level 5. HP: 22/51 MP: 9/9
  3334 | D:3      | Found a broken altar of Ashenzari.
  3905 | D:4      | HP: 10/51 [gnoll/+0 halberd (14)]
  3907 | D:4      | Slain by a gnoll

Vanquished Creatures
  5 adders
  2 worms (D:2)
  2 dart slugs (D:1)
  5 leopard geckos
  An orc (D:3)
  15 giant cockroaches
  3 goblins
  8 hobgoblins
  6 jackals (D:3)
  9 kobolds
  A ball python (D:1)
  5 bats
  8 frilled lizards
  A rat (D:3)
71 creatures vanquished.
